 Dungeon Crawl Stone Soup version 0.30.1-9-gdf580d7c3d (webtiles) character file.

Game seed: 7844802461764830168

1661470 LordWeiramon the Intangible (level 27, 188/188 HPs)
             Began as a Vampire Berserker on Sept 25, 2023.
             Was the Champion of Trog.
             Escaped with the Orb
             ... and 3 runes on Sept 26, 2023!
             The game lasted 06:28:21 (74260 turns).

LordWeiramon the Intangible (Vampire Berserker)    Turns: 74260, Time: 06:28:21

Health: 188/188    AC: 46    Str: 22    XL:     27
Magic:  20/20      EV: 32    Int: 14    God:    Trog [******]
Gold:   138        SH:  0    Dex: 30    Spells: 26/26 levels left

rFire   + . .        a - +9 triple sword (freeze)
rCold   + + +        (shield currently unavailable)
rNeg    + + +        Q - +11 shadow dragon scales
rPois   ∞            T - +2 hat
rElec   +            j - +2 cloak {rPois}
rCorr   +            s - +2 pair of gloves of the Bulwark {Int+3 Slay+4}
SInv    +            v - +2 pair of boots
Will    +++..        u - amulet of Ewkat {Spirit Fragile rF+ rC+ rN+++}
Stlth   ++++         e - ring "Azoaf" {Fly Will+ Dex+2}
HPRegen 0.51/turn    B - ring "Gahuzuk" {rElec rCorr Str+6 Dex+2 Stlth+}
MPRegen 0.17/turn

%: guardian spirit
@: flying, bloodless, studying 4 skills
A: bloodless, fangs 3, see invisible, vampiric 2, hooves 1, horns 1, low MP 1
0: Orb of Zot
}: 3/15 runes: decaying, serpentine, silver
a: Bat Form, Revivify, Renounce Religion, Trog's Hand, Brothers in Arms


You escaped.
You worshipped Trog.
Trog was exalted by your worship.
You visited 10 branches of the dungeon, and saw 50 of its levels.
You also visited: Trove, Sewer, Gauntlet and Desolation.

You collected 7157 gold pieces.
You spent 7019 gold pieces at shops.

Inventory:

Hand Weapons
 a - a +9 triple sword of freezing (weapon)
 b - a +6 double sword of freezing
Missiles
 w - 6 throwing nets
 O - 8 silver javelins (quivered)
Armour
 j - a +2 cloak of poison resistance (worn)
 o - +4 fire dragon scales {Xtahua}
 s - the +2 pair of gloves of the Bulwark (worn) {Int+3 Slay+4}
   (You bought it in a shop on level 3 of the Vaults)

   Int:       It affects your intelligence (+3).
   Slay:      It affects your accuracy & damage with ranged weapons and melee
   (+4).
 v - a +2 pair of boots (worn)
 z - a +2 helmet of intelligence
 L - +6 acid dragon scales
 M - the quicksilver dragon scales "Aclomio" {Will+ Regen+ Int+2}
   (You bought it in a shop on level 2 of the Orcish Mines)

   Int:       It affects your intelligence (+2).
   Regen:     It increases your rate of health regeneration.
   Will:      It increases your willpower.
 Q - +11 shadow dragon scales (worn)
 T - a +2 hat (worn)
Jewellery
 c - the ring of Brilliance {rPois Dex+4}
   (You found it on level 1 of the Vaults)

   [ring of poison resistance]

   Dex:       It affects your dexterity (+4).
   rPois:     It protects you from poison.
 e - the ring "Azoaf" (left hand) {Fly Will+ Dex+2}
   (You took it off a deep elf master archer on level 3 of the Elven Halls)

   [ring of flight]

   Dex:       It affects your dexterity (+2).
   Fly:       It grants you flight.
   Will:      It increases your willpower.
 u - the amulet of Ewkat (around neck) {Spirit Fragile rF+ rC+ rN+++}
   (You found it in a Gauntlet)

   [amulet of guardian spirit]

   It causes incoming damage to be divided between your reserves of health and
   magic.
   rF:        It protects you from fire.
   rC:        It protects you from cold.
   rN:        It renders you almost immune to negative energy.
   Fragile:   It will be destroyed if unequipped.
 B - the ring "Gahuzuk" (right hand) {rElec rCorr Str+6 Dex+2 Stlth+}
   (You bought it in a shop on level 1 of the Elven Halls)

   [ring of strength]

   Str:       It affects your strength (+6).
   Dex:       It affects your dexterity (+2).
   rElec:     It insulates you from electricity.
   rCorr:     It protects you from acid and corrosion.
   Stlth:     It makes you more stealthy.
 P - the ring "Mimm" {rPois rF+ Slay+4}
   (You bought it in a shop on level 10 of the Dungeon)

   [ring of slaying]

   Slay:      It affects your accuracy & damage with ranged weapons and melee
   (+4).
   rF:        It protects you from fire.
   rPois:     It protects you from poison.
Wands
 f - a wand of mindburst (22)
 h - a wand of light (39)
 x - a wand of digging (5)
 K - a wand of paralysis (18)
 R - a wand of roots (41)
 S - a wand of polymorph (32)
 U - a wand of flame (128)
Scrolls
 d - 8 scrolls of fog
 k - 2 scrolls of silence
 l - 9 scrolls of fear
 p - 7 scrolls of blinking
 E - 3 scrolls of butterflies
 F - 18 scrolls of teleportation
 H - 10 scrolls of poison
 I - a scroll of enchant armour
 V - 2 scrolls of magic mapping
Potions
 g - 9 potions of attraction
 i - 8 potions of mutation
 m - 13 potions of heal wounds
 n - 11 potions of might
 q - 16 potions of curing
 r - 6 potions of resistance
 t - 4 potions of cancellation
 A - 2 potions of berserk rage
 D - 6 potions of flight
 G - 2 potions of invisibility
 J - 3 potions of ambrosia
 N - 5 potions of haste
Miscellaneous
 y - a box of beasts
 C - a condenser vane
 X - a phantom mirror
 Y - a lightning rod (4/4)


   Skills:
 - Level 23.3 Fighting
 - Level 2.2(19.6) Short Blades
 O Level 27 Long Blades
 - Level 2.4 Maces & Flails
 + Level 21.6 Armour
 O Level 27 Dodging
 - Level 15.5 Stealth
 - Level 13.0 Evocations


You had 26 spell levels left.
You didn't know any spells.
Your spell library was empty.

Dungeon Overview and Level Annotations

Branches:
Dungeon (15/15)            Temple (0/1) D:6            Lair (5/5) D:8
  Swamp (4/4) Lair:3        Snake (4/4) Lair:2        Slime (0/5) Lair:4
    Orc (2/2) D:11            Elf (3/3) Orc:2        Vaults (5/5) D:14
  Crypt (3/3) Vaults:2       Tomb (0/3) Crypt:3      Depths (4/4) D:15
    Zot (5/5) Depths:4      Sewer (visited)         Desolation (visited)
Gauntlet (visited)

Altars:
Dithmenos
Fedhas
Kikubaaqudgha
Nemelex Xobeh
Qazlal
Sif Muna
Uskayaw
Vehumet
Wu Jian
Xom
Lugonu

Shops:
D:5 **   D:7 =   D:10 =   Orc:2 ::*[(   Elf:1 =   Vaults:2 !   Vaults:3 ([(*[
Vaults:4 *   Vaults:5 =   Depths:3 ==:

Portals:
Hell: Depths:1 Depths:2 Depths:3 Depths:4
Abyss: Swamp:3 Depths:1 Depths:2 Depths:3
Pandemonium: Depths:2
Ziggurat: Depths:4

Annotations:
Zot:1 1 transporter


Innate Abilities, Weirdness & Mutations

You do not regenerate when monsters are visible.
You are frail without blood (-20% HP).
You can heal yourself when you bite living creatures.
You are immune to poison.
You have razor-sharp teeth.
You have supernaturally acute eyesight. (SInv)
You are afflicted with vampirism and can become a bat while bloodless.
You have large cloven feet.
You have a pair of small horns on your head.
Your magical capacity is low. (-10% MP)


Message History

There is a stone staircase leading up, spattered with blood here.
You fly upwards.
There is a stone staircase leading down, spattered with blood here.
Items here: )) [[.
There is a stone staircase leading up here.
HP restored.
You fly upwards.
There is a stone staircase leading down here.
There is a stone staircase leading up here.
You fly upwards.
There is a stone staircase leading down here.
There is a stone staircase leading up here.
You fly upwards.
There is a stone staircase leading down here.
There is a stone staircase leading up here.
You fly upwards.
There is a stone staircase leading down here.
There is a stone staircase leading up here.
You fly upwards.
There is a stone staircase leading down here.
A hell beast comes into view.
The hell beast moves out of view.
You slice the hell beast!! You freeze the hell beast.
You headbutt the hell beast!
The hell beast is heavily wounded.
The hell beast completely misses you.
The hell beast tramples you but does no damage.
You carve the hell beast like a ham!!! You freeze the hell beast!
You kill the hell beast!
Trog accepts your kill.
(D) Dungeon (T) Temple (L) Lair (S) Swamp (P) Snake Pit (M) Slime Pits (O) Orcish Mines (E) Elven Halls (V) Vaults (C) Crypt (W) Tomb (U) Depths (H) Hell (Z) Zot
Where to? (Enter - D:1, ? - help)
There is a stone staircase leading up here.
You fly upwards.
There is a stone staircase leading down here.
There is a staircase leading out of the dungeon here.
You have escaped!

# #.##.#.##.#####.####..........
# #.##.#.##.# #..# #..#.#.#.#. #
#.##....#.######.###.......... #
#.##.......#####...#..#.#.#.#. #
#.##....#####...##.#.......... #
#.##.#..###.....##.##.#.#.#.#. ##
#.##.###........##.##.........
.###†##.###.........####.#.#.#.#.
.....##.###.....@...####.........
.######.####...♣.....####.####.##
## #.####.........###..# #..# #
#....##........###.## #.## #
######.##.....###....# #.#
#####......##...#####.#.#####.###
......####...#####....#......:...
####### ###.#####.######.#######
#.####...## #.#


There were no monsters in sight!

Vanquished Creatures
  8 dread liches
  5 orbs of fire
  3 ancient liches
  Mara (Swamp:3)
  A juggernaut (Depths:2)
  Josephina (Crypt:3)
  Frederick (Crypt:3)
  2 Killer Klowns (Zot:5)
  Bai Suzhen (Vaults:4)
  A curse toe (Zot:5)
  14 golden dragons
  The ghost of heteroy the Petrodigitator, a veteran GrEE of Vehumet (Vaults:3)
  Nikola (Snake:4)
  A bone dragon (Crypt:3)
  An Ice Fiend (Depths:4)
  2 electric golems (Zot:5)
  13 tentacled monstrosities
  Rupert (D:14)
  Jorgrun (Swamp:1)
  Asterion (Snake:3)
  7 liches
  5 quicksilver dragons
  3 deep elf blademasters
  26 Orb Guardians
  5 titans
  2 deep elf master archers (Elf:3)
  11 death cobs
  Gastronok (Lair:2)
  5 sphinxes
  An Executioner (D:9)
  6 ancient champions
  21 storm dragons
  Kirke (Snake:2)
  8 shadow dragons
  Roxanne (Elf:1)
  4 draconian monks
  10 tengu reavers
  13 nagarajas (Snake:4)
  A revenant (Crypt:3)
  17 vault wardens
  2 imperial myrmidons (Desolation)
  13 fire giants
  6 deep elf sorcerers
  2 iron dragons
  Louise (Snake:1)
  A draconian knight (Zot:1)
  4 spectral caustic shrikes (Depths:3)
  3 curse skulls
  6 draconian scorchers
  3 ghost moths
  A juggernaut zombie (Depths:3)
  5 orc warlords
  2 ghouls (Crypt:2)
  10 frost giants
  The ghost of Kuralita the Martial Artist, a journeyman OpTm of Makhleb (D:14)
  4 draconian shifters
  A shard shrike simulacrum (Crypt:3)
  8 draconian stormcallers
  3 deep elf elementalists (Elf:3)
  A war gargoyle (Vaults:4)
  16 stone giants
  17 ironbound preservers
  9 green draconians
  4 draconian annihilators
  31 very ugly things
  Azrael (Elf:1)
  9 ironbound thunderhulks
  7 black draconians
  An eleionoma (shapeshifter) (Vaults:1)
  3 bunyips
  4 deep elf annihilators
  A minotaur (Gauntlet)
  5 vampire knights
  9 red draconians
  3 halazid warlocks (Desolation)
  5 deep elf demonologists
  8 white draconians
  5 purple draconians
  12 dire elephants
  2 eleionomae
  13 eidola
  8 spark wasps
  11 yellow draconians
  2 blizzard demons
  A mummy priest (Crypt:3)
  12 ettins
  9 fire dragons
  4 crystal guardians
  5 jiangshi
  8 deep elf death magi
  12 great orbs of eyes
  3 deep elf high priests
  A quicksilver dragon zombie (Crypt:2)
  An entropy weaver (Vaults:1)
  2 shambling mangroves (Swamp:4)
  A great orb of eyes (shapeshifter) (Vaults:5)
  2 rakshasas
  8 ragged hierophants (Desolation)
  8 servants of whispers (Desolation)
  30 vault guards
  10 ice dragons
  4 salamander tyrants
  A quicksilver dragon skeleton (Crypt:3)
  14 peacekeepers
  4 hell beasts
  19 yaktaur captains
  4 spriggan air magi
  2 catoblepae (Lair:4)
  A caustic shrike simulacrum (Crypt:3)
  2 ghost crabs
  35 hydras
  Erolcha (D:13)
  3 centaur warriors
  3 ogre magi (Vaults:5)
  A radroach (shapeshifter) (Vaults:5)
  Erica (D:8)
  6 anacondas
  A death scarab (Gauntlet)
  2 two-headed ogres (Vaults:5)
  9 alligators
  A bennu zombie (Crypt:2)
  A death knight (D:11)
  20 naga warriors
  10 ironbound frosthearts
  21 dancing weapons
  5 tengu warriors
  A hell hog (Depths:4)
  6 boulder beetles
  16 deep troll earth magi
  11 deep troll shamans
  3 orc high priests (Orc:2)
  6 vampire magi
  5 death yaks
  17 naga sharpshooters
  4 shock serpents
  Urug (D:13)
  Sonja (Lair:1)
  A hell knight (Depths:2)
  2 soul eaters (Crypt:2)
  8 spriggan berserkers
  3 skysharks
  10 deep elf knights
  A sun demon (Depths:1)
  A sixfirhy (Depths:2)
  2 fire crabs
  7 shadow wraiths
  20 skeletal warriors
  A salamander mystic (Snake:4)
  2 anaconda zombies
  A spectral death yak (Gauntlet)
  14 iron trolls
  7 goliath frogs
  4 sea snakes
  3 death drakes (Depths:3)
  4 glowing orange brains
  A quicksilver dragon simulacrum (Crypt:3)
  5 spriggan druids
  10 swamp dragons
  2 storm dragon skeletons
  A glowing orange brain (shapeshifter) (Elf:1)
  6 naga ritualists
  10 bog bodies
  2 spriggan simulacra (Crypt:3)
  13 wizards
  17 ironbound convokers
  46 deep trolls
  8 flayed ghosts
  8 deep elf archers
  7 lindwurms
  15 orc knights
  14 phantasmal warriors
  11 mana vipers
  24 deep elf zephyrmancers
  An iron dragon zombie (Depths:3)
  5 necromancers
  3 harpies
  4 orc sorcerers (Orc:2)
  37 ugly things
  23 deep elf pyromancers
  A wolf spider (shapeshifter) (Elf:1)
  A will-o-the-wisp (Swamp:3)
  25 moths of wrath
  10 cyclopes
  16 manticores
  14 salamanders
  An eleionoma zombie (Crypt:1)
  11 guardian serpents
  A rust devil (Depths:2)
  A titan simulacrum (Crypt:3)
  2 elephants (shapeshifter)
  35 black mambas
  6 elephants
  20 naga magi
  A fire giant skeleton (Depths:3)
  23 vault sentinels
  4 smoke demons (Depths:2)
  A gargoyle (D:12)
  4 torpor snails
  An orange demon (Depths:2)
  19 cane toads
  The ghost of middlethird the Grave Robber, a novice FoNe (D:7)
  5 rime drakes
  3 molten gargoyles
  14 freezing wraiths
  An efreet (D:14)
  5 unseen horrors
  11 komodo dragons
  38 yaktaurs
  9 kobold demonologists
  A redback zombie (Crypt:1)
  2 tengu conjurers
  Maggie (D:6)
  A catoblepas skeleton (Crypt:1)
  A tormentor (Depths:2)
  An anaconda simulacrum (Crypt:3)
  6 guardian mummies
  A red devil (Depths:2)
  A bloated husk (Swamp:1)
  7 trolls
  9 tyrant leeches
  10 hornets
  A hellwing (Depths:2)
  5 meliai
  58 saltlings (Desolation)
  A hornet (shapeshifter) (D:15)
  7 blink frogs
  An ettin zombie (Crypt:1)
  An iron dragon simulacrum (Crypt:3)
  6 dream sheep
  15 flying skulls
  A stone giant simulacrum (Crypt:3)
  2 shadows
  A black mamba zombie (Crypt:1)
  5 hogs (Snake:2)
  A dire elephant simulacrum (Crypt:3)
  5 centaur simulacra
  43 slime creatures
  9 spriggans
  6 water elementals
  9 wyverns
  2 vampires
  An orc simulacrum (Crypt:3)
  13 wraiths
  A wyvern (shapeshifter) (Vaults:5)
  A black mamba skeleton (Crypt:1)
  A ynoxinul (Depths:2)
  3 fire elementals (Elf:1)
  A hog (shapeshifter) (D:11)
  44 yaks
  19 humans (D:14)
  4 fire bats (Gauntlet)
  A golden eye (shapeshifter) (D:15)
  9 basilisks
  3 redbacks (Vaults:1)
  5 steam dragons
  2 alligator snapping turtle simulacra (Crypt:3)
  Grum (D:8)
  13 vampire mosquitoes
  A tyrant leech zombie (Crypt:2)
  A chaos spawn (Depths:2)
  44 nagas
  A hydra simulacrum (Crypt:3)
  2 harpy simulacra (Crypt:3)
  9 swamp worms
  5 acid dragons
  12 wargs
  15 water moccasins
  7 hell hounds
  10 swamp drakes
  34 orc warriors
  A cane toad skeleton (Crypt:3)
  Pargi (Sewer)
  2 ice beasts (D:7)
  2 black bears
  2 ettin simulacra (Crypt:3)
  4 wolves
  7 centaurs
  6 ogres
  5 kobold brigands
  An elephant skeleton (Crypt:3)
  20 bullfrogs
  2 necrophages (Crypt:2)
  2 earth elementals
  4 naga simulacra (Crypt:3)
  A wyvern skeleton (Crypt:2)
  5 scorpions
  13 wights
  A spriggan skeleton (Crypt:1)
  A raiju zombie (Crypt:2)
  3 killer bees
  A raiju skeleton (Crypt:3)
  A polar bear skeleton (Crypt:3)
  3 electric eels
  3 howler monkeys
  5 lava snakes (Lair:4)
  A wolf zombie (Crypt:1)
  A basilisk zombie (Crypt:2)
  6 hounds
  3 human zombies (Crypt:1)
  4 jellies
  37 orc priests
  2 gnoll boudas
  7 iguanas
  33 orc wizards
  3 human skeletons (Crypt:1)
  A naga zombie (Crypt:3)
  A hound zombie (Crypt:3)
  A hound skeleton (Crypt:2)
  4 mummies (Crypt:1)
  15 gnolls
  10 adders
  A river rat (D:3)
  A shadow imp (D:8)
  A white imp (D:8)
  An ufetubus (D:5)
  2 worms
  A dart slug (D:2)
  73 orcs
  4 ball pythons
  8 endoplasms
  5 giant cockroaches
  A goblin (D:1)
  12 hobgoblins
  8 jackals
  7 quokkas
  6 bats
  4 frilled lizards
  10 kobolds
  7 rats
  A spectral weapon (Snake:3)
2339 creatures vanquished.

Vanquished Creatures (collateral kills)
  Mennas (Depths:4)
  Sojobo (Vaults:5)
  Saint Roka (Snake:4)
  Xtahua (Crypt:1)
  Vashnia (Snake:4)
  A tengu reaver (Vaults:5)
  A storm dragon (Zot:2)
  A vault warden (Vaults:5)
  A draconian annihilator (Zot:2)
  A deep elf demonologist (Elf:3)
  A deep elf annihilator (Elf:3)
  A purple draconian (Zot:2)
  2 naga sharpshooters (Snake:4)
  An ironbound convoker (Vaults:4)
  A deep elf pyromancer (D:12)
  An ugly thing (D:12)
  2 cyclopes (D:12)
  A naga mage (Snake:4)
  A kobold demonologist (D:12)
  A warg (Snake:4)
  3 acid dragons (D:12)
  3 orc warriors
  A swamp drake (Swamp:4)
  A howler monkey (D:12)
  An orc wizard (Snake:4)
  6 orcs (Snake:4)
  A spectral weapon (Snake:3)
38 creatures vanquished.

Vanquished Creatures (others)
  A red draconian (Zot:5)
  A yellow draconian (Zot:1)
  2 yaktaur captains
  A naga warrior (Snake:4)
  A deep elf pyromancer (Elf:1)
  An orc wizard (Vaults:5)
  2 orcs (Vaults:5)
  4 foxfires (Swamp:3)
  A lurking horror (Swamp:3)
14 creatures vanquished.

Grand Total: 2391 creatures vanquished

Notes
Turn   | Place    | Note
-------+----------+-------------------------------------------
     0 | D:1      | LordWeiramon the Vampire Berserker began the quest for the
                  | Orb.
     0 | D:1      | Reached XP level 1. HP: 17/17 MP: 1/1
    25 | D:1      | Reached skill level 1 in Stealth
    67 | D:1      | Reached XP level 2. HP: 19/23 MP: 2/2
   361 | D:1      | Found a faded altar of an unknown god.
   449 | D:1      | Gained mutation: You are afflicted with vampirism and can
                  | become a bat while bloodless. [Vampire growth]
   449 | D:1      | Reached XP level 3. HP: 24/29 MP: 3/3
   803 | D:2      | Reached ** piety under Trog
  1380 | D:3      | Reached XP level 4. HP: 34/37 MP: 4/4
  1703 | D:3      | Found a glowing drain.
  1709 | Sewer    | Entered a sewer
  1719 | Sewer    | Noticed Pargi
  1727 | Sewer    | Killed Pargi
  1728 | Sewer    | Reached skill level 5 in Fighting
  1728 | Sewer    | Reached XP level 5. HP: 44/44 MP: 5/5
  2152 | D:3      | Reached skill level 1 in Short Blades
  2239 | D:3      | Reached *** piety under Trog
  2575 | D:4      | Reached skill level 1 in Long Blades
  2575 | D:4      | Reached XP level 6. HP: 51/51 MP: 6/6
  2621 | D:4      | Noticed a steam dragon
  2671 | D:4      | Found a blossoming altar of Fedhas.
  3186 | D:4      | Killed a steam dragon
  3187 | D:4      | Reached XP level 7. HP: 46/56 MP: 7/7
  3568 | D:5      | Entered Level 5 of the Dungeon
  3610 | D:4      | Reached skill level 5 in Long Blades
  3721 | D:5      | Found Sukylynu's Specific Store.
  3725 | D:5      | Found Viliarudgh's General Store.
  3733 | D:5      | Bought a scroll of butterflies for 52 gold pieces
  3733 | D:5      | Bought a scroll of teleportation for 39 gold pieces
  3733 | D:5      | Bought a scroll of teleportation for 39 gold pieces
  4337 | D:6      | Found a staircase to the Ecumenical Temple.
  4803 | D:6      | Reached XP level 8. HP: 62/62 MP: 8/8
  4871 | D:6      | Noticed Maggie
  4889 | D:6      | Killed Maggie
  5285 | D:7      | Noticed middlethird's ghost (novice FoNe)
  5308 | D:7      | Found a transporter.
  5342 | D:7      | Noticed a hornet
  5364 | D:7      | Found Jurchetu's Jewellery Shop.
  5374 | D:7      | Bought a ring of poison resistance for 260 gold pieces
  5473 | D:7      | Reached skill level 1 in Evocations
  5625 | D:7      | Found a transporter.
  5879 | D:7      | Killed a hornet
  5934 | D:7      | Reached XP level 9. HP: 68/68 MP: 9/9
  5992 | D:7      | Reached skill level 5 in Evocations
  6439 | D:7      | Reached skill level 5 in Dodging
  6515 | D:7      | Reached **** piety under Trog
  6710 | D:8      | Noticed Erica
  6725 | D:8      | Killed Erica
  6726 | D:8      | Reached skill level 10 in Long Blades
  6902 | D:8      | Found a staircase to the Lair.
  7010 | D:8      | Reached XP level 10. HP: 74/74 MP: 10/10
  7050 | D:8      | Noticed Grum
  7094 | D:8      | Killed Grum
  9087 | D:9      | Reached skill level 5 in Armour
  9389 | D:10     | Entered Level 10 of the Dungeon
  9409 | D:10     | Reached XP level 11. HP: 68/80 MP: 11/11
  9489 | D:10     | Found Recwalo's Jewellery Shoppe.
  9490 | D:10     | Identified the ring "Xuhisah" {Int+7 Dex+6}
  9671 | D:10     | Found an ornate altar of the Wu Jian Council.
 10062 | D:10     | Found a stormy altar of Qazlal.
 10163 | Lair:1   | Entered Level 1 of the Lair of Beasts
 10708 | Lair:1   | Noticed Sonja
 10713 | Lair:1   | Killed Sonja
 10819 | Lair:1   | Identified the +6 sling of Hacking and Slashing {flame,
                  | Int+2}
 11300 | Lair:2   | Noticed Gastronok
 11318 | Lair:2   | Noticed a five-headed hydra
 11332 | Lair:2   | Killed a one-headed hydra
 11448 | Lair:2   | Reached skill level 10 in Dodging
 11611 | Lair:2   | Reached ***** piety under Trog
 11633 | Lair:2   | Reached XP level 12. HP: 88/88 MP: 12/12
 11655 | Lair:2   | Noticed a seven-headed hydra
 11662 | Lair:2   | Killed a two-headed hydra
 11714 | Lair:2   | Noticed a death yak
 11801 | Lair:2   | Killed a death yak
 12276 | Lair:2   | Killed Gastronok
 12277 | Lair:2   | Reached skill level 10 in Fighting
 12430 | Lair:2   | Found a staircase to the Snake Pit.
 12760 | Lair:3   | Found a staircase to the Swamp.
 12902 | Lair:3   | Received a gift from Trog
 12910 | Lair:3   | Reached XP level 13. HP: 103/103 MP: 13/13
 13062 | Lair:3   | Found a hide-covered altar of Uskayaw.
 13617 | Lair:4   | Found a runed translucent door.
 13620 | Lair:4   | Found a staircase to the Slime Pits.
 14864 | Lair:5   | Entered Level 5 of the Lair of Beasts
 15648 | Lair:5   | Reached skill level 10 in Armour
 15658 | Lair:5   | Reached skill level 15 in Long Blades
 16228 | Lair:5   | Reached XP level 14. HP: 101/110 MP: 14/14
 16921 | D:7      | Killed middlethird's ghost
 17035 | D:11     | Found a staircase to the Orcish Mines.
 17154 | D:10     | Found a shadowy altar of Dithmenos.
 17976 | D:12     | Received a gift from Trog
 18676 | D:12     | Identified the +2 scale mail of Mefigo {Int+3}
 18981 | D:13     | Noticed Urug
 19043 | D:13     | Killed Urug
 19321 | D:13     | Noticed Erolcha
 19328 | D:13     | Killed Erolcha
 20057 | D:14     | Reached skill level 15 in Dodging
 20070 | D:14     | Found a gate to the Vaults.
 20352 | D:14     | Reached XP level 15. HP: 114/115 MP: 15/15
 20473 | D:14     | Noticed Rupert
 20623 | D:14     | You fall into a shaft and drop 1 floor!
 20623 | D:15     | Entered Level 15 of the Dungeon
 20711 | D:15     | Found a gate leading to a gauntlet.
 20744 | Gauntlet | Entered a Gauntlet
 20744 | Gauntlet | Found a transporter.
 20751 | Gauntlet | Found a transporter.
 20752 | Gauntlet | Found a transporter.
 20757 | Gauntlet | Found a transporter.
 20764 | Gauntlet | Found a transporter.
 20768 | Gauntlet | Found a transporter.
 20773 | Gauntlet | Found a transporter.
 20780 | Gauntlet | Found a transporter.
 20784 | Gauntlet | Found a transporter.
 20789 | Gauntlet | Found a transporter.
 20796 | Gauntlet | Found a transporter.
 20800 | Gauntlet | Found a transporter.
 20805 | Gauntlet | Found a transporter.
 20808 | Gauntlet | Found a runed translucent gate.
 20808 | Gauntlet | Found a runed translucent gate.
 20812 | Gauntlet | Found a runed translucent gate.
 20812 | Gauntlet | Found a transporter.
 21037 | Gauntlet | Identified the amulet of Ewkat {Spirit Fragile rF+ rC+
                  | rN+++}
 21848 | D:14     | Killed Rupert
 22080 | D:15     | Found a sparkling altar of Nemelex Xobeh.
 22216 | D:15     | Found a staircase to the Depths.
 22216 | D:15     | Noticed a frost giant
 22227 | D:15     | Killed a frost giant
 22303 | D:15     | Found a runed translucent gate.
 22303 | D:15     | Found a runed translucent gate.
 22305 | D:15     | Found a runed translucent gate.
 22307 | D:15     | Noticed Kuralita's ghost (journeyman OpTm)
 23148 | Orc:1    | Entered Level 1 of the Orcish Mines
 23484 | D:10     | Bought the ring "Mimm" {rPois rF+ Slay+4} for 1346 gold
                  | pieces
 23679 | Orc:2    | Entered Level 2 of the Orcish Mines
 23862 | Orc:2    | Found a staircase to the Elven Halls.
 24266 | Orc:1    | Received a gift from Trog
 24533 | Orc:2    | Found Xiadiuliegh's Vocational Training.
 24624 | Orc:2    | Found a shimmering altar of Xom.
 25809 | Orc:2    | Received a gift from Trog
 25857 | Orc:2    | Paralysed by an orc sorcerer for 3 turns
 25893 | Orc:2    | Found Mameotiw's Antique Armour Boutique.
 25894 | Orc:2    | Found Baucas's Antique Weapon Shop.
 25897 | Orc:2    | Found Faxoets's General Store.
 25897 | Orc:2    | Found Lipivy's Book Boutique.
 25928 | Orc:2    | Bought 2 potions of resistance for 300 gold pieces
 25928 | Orc:2    | Bought a potion of curing for 45 gold pieces
 26045 | D:11     | Found a runed translucent door.
 26210 | D:11     | Reached XP level 16. HP: 115/122 MP: 14/16
 26213 | D:11     | Identified the +10 crystal plate armour of the Old and
                  | Reckless {Rampage rElec rF- rC+ Dex+3}
 26238 | D:11     | Identified the +0 spear "Goblinbane" {protect, rPois}
 26239 | D:11     | Identified the +8 longbow of Fragile Peace {freeze,
                  | *Corrode Int+8 Dex-2 SInv}
 26458 | D:14     | Killed Kuralita's ghost
 26831 | Snake:1  | Entered Level 1 of the Snake Pit
 27677 | Snake:1  | Noticed Louise
 27691 | Snake:1  | Killed Louise
 28107 | Snake:2  | Noticed Kirke
 28263 | Snake:2  | Killed Kirke
 28441 | Snake:2  | Received a gift from Trog
 28979 | Snake:2  | Identified a scroll of acquirement
 29065 | Snake:2  | Acquired a manual of Armour
 30234 | Snake:3  | Noticed Asterion
 30246 | Snake:3  | Killed Asterion
 30247 | Snake:3  | Reached XP level 17. HP: 73/128 MP: 10/17
 31089 | Snake:4  | Entered Level 4 of the Snake Pit
 31151 | Snake:4  | Reached ****** piety under Trog
 31272 | Snake:4  | Noticed Nikola
 31286 | Snake:4  | Killed Nikola
 31406 | Snake:4  | Noticed Saint Roka
 31421 | Snake:4  | Killed Saint Roka
 31504 | Snake:4  | Received a gift from Trog
 32458 | Snake:4  | Reached skill level 15 in Armour
 33151 | Snake:4  | Received a gift from Trog
 33403 | Snake:4  | Got a serpentine rune of Zot
 33452 | Snake:4  | Noticed Vashnia
 33469 | Snake:4  | Killed Vashnia
 34116 | Snake:4  | Reached XP level 18. HP: 129/135 MP: 14/18
 34429 | Swamp:1  | Entered Level 1 of the Swamp
 34496 | Swamp:1  | Noticed Jorgrun
 34510 | Swamp:1  | Killed Jorgrun
 35327 | Swamp:1  | Received a gift from Trog
 36632 | Swamp:3  | Noticed Mara
 36639 | Swamp:3  | Found a one-way gate to the infinite horrors of the Abyss.
 36645 | Swamp:3  | Killed Mara
 36894 | Swamp:3  | Found a corrupted altar of Lugonu.
 36987 | Swamp:4  | Entered Level 4 of the Swamp
 38435 | Swamp:4  | Got a decaying rune of Zot
 38801 | Elf:1    | Entered Level 1 of the Elven Halls
 38896 | Elf:1    | Received a gift from Trog
 38914 | Elf:1    | Noticed Azrael
 38920 | Elf:1    | Killed Azrael
 39041 | Elf:1    | Found Vacot's Jewellery Shop.
 39131 | Elf:1    | Identified the +8 arbalest "Saimae" {drain, rCorr MP+9}
 39158 | Elf:1    | Reached XP level 19. HP: 149/149 MP: 15/19
 39486 | Elf:1    | Identified Roxanne's Anthology of Lithomancy
 39486 | Elf:1    | Noticed Roxanne
 39494 | Elf:1    | Killed Roxanne
 40149 | Elf:2    | Received a gift from Trog
 40352 | Elf:1    | Bought the ring "Gahuzuk" {rElec rCorr Str+6 Dex+2 Stlth+}
                  | for 876 gold pieces
 40527 | Elf:2    | Found a runed translucent gate.
 40527 | Elf:2    | Found a runed translucent gate.
 40528 | Elf:2    | Found a runed translucent gate.
 40796 | Elf:2    | Reached skill level 15 in Fighting
 41381 | Elf:3    | Entered Level 3 of the Elven Halls
 41441 | Elf:3    | Received a gift from Trog
 42602 | Elf:3    | Identified the +9 rapier of Exquisite Torment {spect, rC+
                  | Dex+3}
 42623 | Elf:3    | Identified the +5 chain mail of Supple Strength {rElec
                  | Will+}
 42702 | Elf:3    | Identified the ring "Azoaf" {Fly Will+ Dex+2}
 42967 | Elf:3    | Identified the +9 morningstar "Etyad" {freeze, Dex+3}
 43343 | Vaults:1 | Entered Level 1 of the Vaults
 43424 | Vaults:1 | Reached XP level 20. HP: 139/162 MP: 3/20
 43478 | Vaults:1 | Received a gift from Trog
 43485 | Vaults:1 | Reached XP level 21. HP: 135/168 MP: 1/21
 43677 | Vaults:1 | Found a crumbling gateway.
 43688 | Desolati | Entered the Desolation of Salt
 44131 | Desolati | Received a gift from Trog
 44270 | Desolati | Identified the +3 chain mail of Untold Secrets {rF+}
 44270 | Desolati | Identified the ring "Lumeg" {Wiz rElec rC+ Str-3}
 44381 | Desolati | Identified the +7 rapier of the Unkillable {heavy, rPois
                  | rF+ rN+ Dex-3}
 44680 | Desolati | Identified the amulet "Xoziug" {RegenMP +Inv Stlth+}
 44682 | Desolati | Identified the +0 fire dragon scales of the Blessed Realm
                  | {+Inv rF++ rC- rN+ MP+9 Str+2}
 44689 | Desolati | Received a gift from Trog
 45117 | Orc:2    | Bought a manual of Evocations for 880 gold pieces
 46472 | Vaults:1 | Identified the ring of Brilliance {rPois Dex+4}
 46561 | Vaults:1 | Received a gift from Trog
 46692 | Vaults:1 | Reached skill level 10 in Evocations
 47729 | Vaults:2 | Identified the +6 war axe "Eviscerator" {flame, rElec rPois
                  | rF- Dex+2}
 47813 | Vaults:2 | Reached XP level 22. HP: 175/175 MP: 13/22
 48059 | Vaults:2 | Found a staircase to the Crypt.
 48419 | Vaults:2 | Found Hoquo's Distillery.
 48967 | Vaults:3 | Found a runed translucent gate.
 48967 | Vaults:3 | Found a runed translucent gate.
 48967 | Vaults:3 | Found a runed translucent gate.
 48969 | Vaults:3 | Noticed heteroy's ghost (veteran GrEE)
 49093 | Vaults:3 | Received a gift from Trog
 49605 | Vaults:3 | Found Baroadyn's Antique Armour Shop.
 49613 | Vaults:3 | Bought a pair of faintly humming gloves for 370 gold pieces
 49613 | Vaults:3 | Identified the +2 pair of gloves of the Bulwark {Int+3
                  | Slay+4} (You bought it in a shop on level 3 of the Vaults)
 49724 | Vaults:3 | Found Loxoedd's Assorted Antiques.
 49726 | Vaults:3 | Found Ufow Itz's Weapon Boutique.
 49729 | Vaults:3 | Found Zunos's Weapon Emporium.
 50088 | Vaults:3 | Found Coceff's Armour Emporium.
 50697 | Vaults:4 | Received a gift from Trog
 51573 | Vaults:4 | Found Asunoxy's General Store.
 51798 | Vaults:4 | Received a gift from Trog
 52066 | Vaults:4 | Found a portal to a secret trove of treasure.
 52078 | Trove    | Entered a treasure trove
 52418 | Vaults:3 | Killed heteroy's ghost
 52568 | Crypt:1  | Entered Level 1 of the Crypt
 52645 | Crypt:1  | Identified the +1 great mace of Dithmenos, Howling {chaos,
                  | rC++}
 52675 | Crypt:1  | Reached XP level 23. HP: 134/144 MP: 21/23
 52677 | Crypt:1  | Reached skill level 27 in Dodging
 52888 | Crypt:1  | Noticed Xtahua
 53012 | Crypt:1  | Killed Xtahua
 53607 | Crypt:2  | Reached * piety under Trog
 54478 | Crypt:2  | Identified the +6 scale mail of Exclusion {Harm Int+4}
 54676 | Crypt:3  | Entered Level 3 of the Crypt
 54903 | Crypt:3  | Found a staircase to the Tomb.
 55427 | Crypt:3  | Noticed Frederick
 55438 | Crypt:3  | Killed Frederick
 55515 | Crypt:3  | Identified the ring "Joexkel" {Ice rPois Str-2 Int+2}
 55515 | Crypt:3  | Noticed Josephina
 55549 | Crypt:3  | Killed Josephina
 56794 | Crypt:3  | Noticed a dread lich
 56809 | Crypt:3  | Killed a dread lich
 56832 | Crypt:3  | Noticed a dread lich
 56844 | Crypt:3  | Killed a dread lich
 56875 | Crypt:3  | Identified the staff of fire "Furoag" {rF+ rN+ Str+3 Int-4}
 57271 | Depths:1 | Entered Level 1 of the Depths
 57326 | Depths:1 | Found a gateway to Hell.
 57342 | Depths:1 | You are sucked into a shaft and drop 1 floor!
 57582 | Depths:1 | Found a radiant altar of Vehumet.
 58267 | Depths:1 | Received a gift from Trog
 58272 | Depths:1 | Reached skill level 5 in Stealth
 58389 | Depths:2 | Reached XP level 24. HP: 212/212 MP: 23/23
 58470 | Depths:2 | Noticed a juggernaut
 58511 | Depths:2 | Reached skill level 10 in Stealth
 58523 | Depths:2 | Killed a juggernaut
 58763 | Depths:2 | Found a shimmering blue altar of Sif Muna.
 59024 | Depths:2 | Found a one-way gate leading to the halls of Pandemonium.
 59031 | Depths:2 | Reached skill level 15 in Stealth
 59847 | Depths:3 | Found an ornate altar of the Wu Jian Council.
 59914 | Depths:3 | Received a gift from Trog
 59932 | Depths:3 | Found Systah's Book Emporium.
 59932 | Depths:3 | Found Vuwnodoe's Jewellery Shop.
 59933 | Depths:3 | Found Tuuliera's Jewellery Shop.
 61193 | Depths:3 | Identified the ring "Adoumeda" {*Slow rPois rF+ Str+6
                  | Int-3}
 61492 | Depths:3 | Received a gift from Trog
 61676 | Depths:4 | Entered Level 4 of the Depths
 61726 | Depths:4 | Found an ancient bone altar of Kikubaaqudgha.
 61987 | Depths:4 | Found a one-way gateway to a ziggurat.
 62026 | Depths:4 | Reached XP level 25. HP: 205/218 MP: 21/23
 62589 | Depths:4 | Found a gate to the Realm of Zot.
 63067 | Depths:4 | Noticed Mennas
 63072 | Depths:4 | Killed Mennas
 63508 | Vaults:5 | Entered Level 5 of the Vaults
 63792 | Vaults:5 | Noticed Bai Suzhen
 63907 | Vaults:4 | Killed Bai Suzhen
 64256 | Vaults:4 | Identified the +9 great sword of Ewnugux {heavy, rElec
                  | rPois rC+} (Trog gifted it to you on level 4 of the Vaults)
 64256 | Vaults:4 | Received a gift from Trog
 64889 | Vaults:5 | Identified the amulet of Kindness {Faith Contam +Inv rN++
                  | rCorr}
 64943 | Vaults:5 | Identified the staff of death "Wosith" {rN+ Dex+2 SInv}
 64971 | Vaults:5 | Received a gift from Trog
 65107 | Vaults:5 | Identified the +11 broad axe "Beciz" {elec, rElec}
 65115 | Vaults:5 | Identified the +1 scale mail of the Original Sin {Fly Str+4
                  | SInv}
 65178 | Vaults:5 | Identified the +2 ring mail "Jinyneom" {-Tele Fly rC++
                  | Will- Dex+3}
 65233 | Vaults:5 | Reached skill level 27 in Long Blades
 65258 | Vaults:5 | Noticed an ancient lich
 65275 | Vaults:5 | Killed an ancient lich
 65525 | Vaults:5 | Found the +3 hat of Pondering {ponderous, Will+ MP+10
                  | Int+5}
 65653 | Vaults:5 | Got a silver rune of Zot
 65681 | Vaults:5 | Identified the staff of conjuration "Wenwa" {MP+9 Dex+4}
 65896 | Vaults:5 | Found Tapsilet's Jewellery Emporium.
 65942 | Vaults:5 | Identified the +9 glaive "Tamomauf" {flame, Contam rElec
                  | rPois}
 65978 | Vaults:5 | Identified the +1 hand axe of the Fortifying Stork {elec,
                  | Int+6 Dex-3}
 65978 | Vaults:5 | Identified the ring "Vueblept" {Fire rElec rN+ Will+ Int+4}
 65993 | Vaults:5 | Identified the +9 great sword of a Billion Mouths {heavy,
                  | rElec rN+++ Str-3} (Trog gifted it to you on level 5 of the
                  | Vaults)
 65993 | Vaults:5 | Received a gift from Trog
 66013 | Vaults:5 | Noticed Sojobo
 66018 | Vaults:5 | Killed Sojobo
 66121 | Vaults:5 | Reached XP level 26. HP: 223/229 MP: 23/23
 66743 | Orc:2    | Bought smelly quicksilver dragon scales for 2210 gold
                  | pieces
 66743 | Orc:2    | Identified the quicksilver dragon scales "Aclomio" {Will+
                  | Regen+ Int+2} (You bought it in a shop on level 2 of the
                  | Orcish Mines)
 67225 | Zot:1    | Entered Level 1 of the Realm of Zot
 67445 | Zot:1    | Found a transporter.
 67447 | Zot:1    | Found a shimmering blue altar of Sif Muna.
 67450 | Zot:1    | Noticed an orb of fire
 67713 | Zot:1    | Noticed an ancient lich
 68421 | Zot:2    | You are sucked into a shaft and drop 1 floor!
 69046 | Zot:3    | Noticed an orb of fire
 69046 | Zot:3    | Gained mutation: Your muscles are strong. (Str +4, Int/Dex
                  | -1) [an orb of fire]
 69057 | Zot:3    | Killed an orb of fire
 69291 | Zot:3    | Identified the +5 battleaxe "Tottetom" {freeze, rPois
                  | rCorr}
 69406 | Zot:4    | Received a gift from Trog
 70441 | Zot:5    | Entered Level 5 of the Realm of Zot
 71357 | Zot:5    | Received a gift from Trog
 71364 | Zot:5    | Noticed a dread lich
 71387 | Zot:5    | Killed a dread lich
 71388 | Zot:5    | Reached XP level 27. HP: 235/235 MP: 23/23
 71407 | Zot:5    | Noticed an ancient lich
 71440 | Zot:5    | Killed an ancient lich
 71450 | Zot:5    | Noticed an orb of fire
 71456 | Zot:5    | Killed an orb of fire
 71457 | Zot:5    | Noticed an orb of fire
 71463 | Zot:5    | Gained mutation: You have hidden genetic defects. [an orb
                  | of fire]
 71465 | Zot:5    | Killed an orb of fire
 71466 | Zot:5    | Noticed an orb of fire
 71472 | Zot:5    | Killed an orb of fire
 71474 | Zot:5    | Noticed an orb of fire
 71482 | Zot:5    | Killed an orb of fire
 71486 | Zot:5    | Noticed a dread lich
 71486 | Zot:5    | Noticed a dread lich
 71497 | Zot:5    | Killed a dread lich
 71504 | Zot:5    | Killed a dread lich
 71506 | Zot:5    | Noticed a dread lich
 71515 | Zot:5    | Killed a dread lich
 71541 | Zot:5    | Noticed a dread lich
 71547 | Zot:5    | Killed a dread lich
 71551 | Zot:5    | Noticed a dread lich
 71560 | Zot:5    | Killed a dread lich
 71566 | Zot:5    | Noticed an ancient lich
 71573 | Zot:5    | Killed an ancient lich
 71577 | Zot:5    | Gained mutation: You sometimes lose your temper in combat.
                  | [hidden defects]
 71578 | Zot:5    | Lost mutation: You sometimes lose your temper in combat.
                  | [potion of mutation]
 71578 | Zot:5    | Lost mutation: You have hidden genetic defects. [potion of
                  | mutation]
 71578 | Zot:5    | Lost mutation: Your muscles are strong. (Str +4, Int/Dex
                  | -1) [potion of mutation]
 71578 | Zot:5    | Gained mutation: Your magical capacity is low. (-10% MP)
                  | [potion of mutation]
 71578 | Zot:5    | Gained mutation: You have large cloven feet. [potion of
                  | mutation]
 71578 | Zot:5    | Gained mutation: You have a pair of small horns on your
                  | head. [potion of mutation]
 72400 | Vaults:4 | Bought a scroll of fog for 72 gold pieces
 72400 | Vaults:4 | Bought a potion of heal wounds for 90 gold pieces
 72400 | Vaults:4 | Bought 2 potions of heal wounds for 180 gold pieces
 72533 | Vaults:2 | Bought a potion of curing for 60 gold pieces
 72533 | Vaults:2 | Bought a potion of curing for 60 gold pieces
 72533 | Vaults:2 | Bought a potion of might for 80 gold pieces
 72533 | Vaults:2 | Bought a potion of curing for 60 gold pieces
 73706 | Zot:5    | Got the Orb of Zot
 73724 | Zot:5    | Noticed Biamp the pandemonium lord
 74260 | D:$      | Escaped with the Orb!

Illustrated notes

Levels and vault maps discovered:
D:1:      spicycebolla_green_bress_n_ham, layout_loops_ring, serial_glass,
          glass_columns_c, glass_columns_a, hellmonk_ecumenical_altar_run_dry
D:2:      layout_rooms, nicolae_figureground_sparkle
D:3:      minmay_spotlight, layout_loops_ring, gup_sewer_entry_bubbles
D:4:      layout_basic, fedhas_altar_4, hangedman_abyss_or_decor_lesser_grid
D:5:      layout_rooms, hangedman_abyss_or_decor_stagger, nicolae_specific_store
D:6:      layout_layer_cave, minmay_temple_entry_proselytizer, uniq_maggie
D:7:      cheibrodos_helix_gallery, layout_cave_pools, serial_shops,
          nicolae_lakefront_shop, gammafunk_ghost_arena
D:8:      layout_cave_pools, erik_lair_orcish_takeover, uniq_erica, uniq_grum
D:9:      layout_grid_maze
D:10:     layout_roguey, mainiacjoe_overflow_cross_hatched,
          nicolae_overflow_hidden_temple, serial_shops, shop_fountains,
          wad_floor_pattern_untrapped
D:11:     minmay_the_grid_triangle_9x9_recursive_3_mashed
          [minmay_the_grid_triangle_9x9_negative_grid,
          minmay_the_grid_triangle_9x9_windchime,
          minmay_the_grid_triangle_9x9_longest,
          minmay_the_grid_triangle_9x9_prize_schism,
          minmay_the_grid_triangle_9x9_minimal,
          minmay_the_grid_triangle_9x9_from_above,
          minmay_the_grid_triangle_9x9_corruption,
          minmay_the_grid_triangle_9x9_steps,
          minmay_the_grid_triangle_9x9_subtriangle], layout_cave_pools
D:12:     minmay_four_partial_circles, layout_cave_pools
D:13:     layout_irregular_city, uniq_urug, uniq_erolcha
D:14:     layout_loops_corners, grunt_vaults_entry_tiered,
          kennysheep_small_spiral, uniq_rupert
D:15:     grunt_enter_depths_snipers, layout_loops_ring, gauntlet_entry_generic,
          gammafunk_ghost_split, serial_rivers, chequers_serial_rivers_marsh,
          chequers_serial_rivers_small_a, chequers_serial_rivers_room_b,
          chequers_serial_rivers_small_b, chequers_serial_rivers_large_b,
          nemelex_spade_bored_becter
Lair:1:   layout_small_grid, patterned_corridor, grunt_megastairs_3, uniq_sonja
Lair:2:   layout_chaotic_city, nicolae_snake_entry_squirm,
          nicolae_lair_lakeside_cave, grunt_megastairs_5, uniq_gastronok
Lair:3:   layout_roguey, skrybe_swamp_entry_bodies, basic_altar,
          beast_lair_carwin_1, grunt_megastairs_4
Lair:4:   cheibrodos_magma_flow, layout_regular_city, slime_entry_2,
          nicolae_quartered_pool_little, dreamdust_mushroom_princess
Lair:5:   guppyfry_lair_end_dragon, layout_gridlike
Swamp:1:  layout_basic_swamp, evilmike_swamp_ruin_wall, swamp_pool4,
          uniq_jorgrun
Swamp:2:  layout_falls_marsh, evilmike_swamp_ruin_house_1, swamp_pool4,
          nicolae_swamp_hydra_murder_den
Swamp:3:  layout_basic_swamp, infiniplex_staircase_pool_2, swamp_pool3,
          amcnicky_altar_lugonu_corruption, uniq_mara
Swamp:4:  swamp_basic_johnstein, layout_basic_swamp, swamp_pool1,
          statue_in_the_mist_lemuel
Snake:1:  layout_grid_shapes, uniq_louise
Snake:2:  layout_layer_cave, nicolae_snake_springs, uniq_kirke
Snake:3:  layout_concentric_octagons, serial_bayou_shore_a, uniq_asterion
Snake:4:  grunt_snake_rune_spirals, layout_onion, uniq_nikola, uniq_vashnia,
          uniq_saint_roka
Orc:1:    layout_caves, serial_shops, minmay_orc_temple_b
Orc:2:    st_orc_congregation, layout_diamond_mine, basic_altar,
          nicolae_shop_vocational
Elf:1:    eino_elf_arrival_shootout, layout_gridlike, serial_shops, shop,
          minivault_28, minmay_fountain_box, corexii_checkpoint_a, uniq_roxanne,
          uniq_azrael
Elf:2:    elven_hall_of_blades_hangedman_original
          [infiniplex_blade_entry_pillars], layout_geoelf_diagonals,
          hex_intersection
Elf:3:    elf_hall_gauntlet_narrow, layout_geoelf_castle, special_room
          [special_room_mythical_zoo], minivault_26
Vaults:1: portal_desolation_entry_garden, vaults_room_corners, v_misc_3,
          st_octagons_1, nicolae_vaults_closet_pinwheel_5,
          hangedman_vaults_stretched_pinwheel, nicolae_vaults_ring_of_whatevers,
          nicolae_vaults_house_3, v_misc_12, hangedman_vaults_trim,
          nicolae_vaults_house_3, nicolae_vaults_little_squares_5,
          nicolae_vaults_heart-shaped_vault, nicolae_vaults_asterisk,
          layout_vaults_omnigrid
Vaults:2: minmay_crypt_entry_simple_walls, nicolae_vaults_storage_closets_1,
          ontoclasm_vaults_chip, nicolae_vaults_weapon_check, v_misc_14,
          v_misc_17, vaults_dpeg_doors, layout_vaults_omnicross, serial_shops,
          shop
Vaults:3: gammafunk_ghost_spectres, vaults_mumra_minichess,
          nicolae_vaults_house_2, nicolae_vaults_cornered_office,
          nicolae_vaults_trapezoid_3, nicolae_vaults_branching_niches,
          nicolae_vaults_diamond_1, nicolae_vaults_trapezoid_lopsided_4,
          nicolae_vaults_spaceships, v_misc_12, vaults_room_door_ring,
          nicolae_vaults_shelves_hall, nicolae_vaults_taking_the_gang_shopping,
          nicolae_vaults_closet_pinwheel_1, layout_vaults_omnibox, serial_shops,
          nicolae_shop_peninsula, shop, nicolae_shop_scrapyard, shop
Vaults:4: nicolae_vaults_sesquioval_fish, v_misc_22, vaults_room_pool,
          ontoclasm_vaults_bender, st_smaller_cells, ontoclasm_vaults_tryst,
          v_rooms_1, nicolae_vaults_diagonal_hallway_9,
          ontoclasm_vaults_decontamination, hangedman_vaults_nails, v_misc_5,
          layout_vaults_maze_snakey, nicolae_trove_entry_columns, serial_shops,
          shop
Vaults:5: uniq_sojobo, uniq_bai_suzhen, uniq_margery
Crypt:1:  layout_rooms, grunt_crypt_arrival_guarded_gate, lemuel_upstairs_altar,
          uniq_xtahua
Crypt:2:  layout_catacombs
Crypt:3:  david_glass_crypt, layout_chaotic_city, tomb_entry_shell_bobbens,
          st_chilly_death, uniq_frederick, uniq_josephina
Depths:1: layout_gridlike, marbit_kobold_abyss_entry, nicolae_vehumet_radiance,
          hangedman_geh_valley, kennysheep_potato
Depths:2: minmay_diamond_stairs, layout_small_grid, abyss_entry,
          lemuel_blue_sif_altar, grunt_pan_entry_sceptre, hell_entry,
          infiniplex_staircase_9_rooms
Depths:3: lemuel_castle_with_subvaults [lemuel_castle_interior_carwin_3],
          layout_gridlike, pf_hell_entry_tar_river, hangedman_abyss_entry_splay,
          nicolae_wu_jian_immortal_techniques, infiniplex_staircase_zigzag_3,
          minmay_shop_grove
Depths:4: evilmike_zot_entry_argh, layout_small_grid, enter_ziggurat_d,
          grunt_mini_vestibule, kiku_gazebo_garden_becter, uniq_grunn,
          uniq_mennas
Zot:1:    gammafunk_sealed_library, layout_misc_corridors
Zot:2:    layout_basic
Zot:3:    layout_misc_corridors
Zot:4:    layout_misc_corridors, grunt_ministairs_12
Zot:5:    layout_gridlike

Skill      XL: |  1  2  3  4  5  6  7  8  9 10 11 12 13 14 15 16 17 18 19 20 21 22 23 24 25 26 27 |
---------------+----------------------------------------------------------------------------------+-----
Stealth        | 2 6 15 | 15.5
Fighting       | 3 4 5 6 10 13 15 22 23 | 23.3
Short Blades   | 2 |  2.2
Long Blades    | 1 4 7 8 10 11 14 15 16 19 20 22 24 27 | 27.0
Evocations     | 4 5 12 13 | 13.0
Dodging        | 5 8 10 15 17 18 21 23 26 27 | 27.0
Armour         | 5 6 10 12 15 19 21 | 21.6
Maces & Flails | |  2.4

Action                     |  1- 3 |  4- 6 |  7- 9 | 10-12 | 13-15 | 16-18 | 19-21 | 22-24 | 25-27 || total
---------------------------+-------+-------+-------+-------+-------+-------+-------+-------+-------++-------
  Melee: Mace              |   108 |    93 |       |       |       |       |       |       |       ||   201
         Bite              |     8 |    15 |    58 |    95 |   248 |   145 |   157 |   367 |   282 ||  1375
         Short sword       |       |    68 |   148 |       |       |       |       |       |       ||   216
         Punch             |       |     2 |     2 |     5 |    22 |     5 |     1 |       |       ||    37
         Dagger            |       |       |   286 |    17 |       |       |       |       |       ||   303
         Scimitar          |       |       |    19 |   578 |  1588 |   112 |    26 |       |       ||  2323
         Great sword       |       |       |       |       |    90 |   511 |       |       |       ||   601
         Triple sword      |       |       |       |       |       |   422 |   920 |  1810 |  1353 ||  4505
         Headbutt          |       |       |       |       |       |       |       |       |    46 ||    46
  Throw: Dart              |       |     4 |     6 |    18 |    15 |       |       |       |       ||    43
         Javelin           |       |       |       |       |       |     3 |     4 |     1 |       ||     8
 Invoke: Berserk           |     1 |     7 |    14 |     8 |    15 |       |       |       |       ||    45
         Trog's Hand       |       |       |     2 |     4 |     8 |     5 |     4 |       |     2 ||    25
         Brothers in Arms  |       |       |       |       |     1 |     4 |       |       |     4 ||     9
Ability: Exsanguinate      |       |       |       |       |       |       |       |     1 |     1 ||     2
         Revivify          |       |       |       |       |       |       |       |     1 |       ||     1
  Evoke: Wand              |       |       |     1 |     5 |     6 |    12 |       |     2 |     3 ||    29
         Phantom mirror    |       |       |       |       |     1 |     2 |     1 |     1 |       ||     5
         Lightning rod     |       |       |       |       |       |       |     7 |     3 |     3 ||    13
         Condenser vane    |       |       |       |       |       |       |     2 |     1 |       ||     3
         Box of beasts     |       |       |       |       |       |       |     1 |     2 |       ||     3
    Use: Scroll            |       |     4 |     3 |     8 |    14 |    18 |     3 |     9 |    19 ||    78
         Potion            |       |       |       |     1 |       |     5 |    10 |     1 |    18 ||    35
   Stab: Sleeping          |     8 |     8 |     4 |     3 |     6 |     9 |    19 |    25 |    20 ||   102
         Distracted        |       |       |     1 |     1 |     6 |     4 |     2 |    11 |     4 ||    29
         Paralysed         |       |       |       |     2 |     3 |       |       |       |       ||     5
         Invisible         |       |       |       |       |       |       |     6 |       |       ||     6
         Confused          |       |       |       |       |       |       |       |       |     1 ||     1
 Armour: Animal skin       |    27 |    10 |       |       |       |       |       |       |       ||    37
         Troll leather arm |       |    21 |    27 |       |       |       |       |       |       ||    48
         Acid dragon scale |       |       |    56 |   131 |   399 |   219 |   146 |   263 |   151 ||  1365
         Shadow dragon sca |       |       |       |       |       |       |       |       |   257 ||   257
  Dodge: Dodged            |    85 |    99 |   202 |   296 |  1167 |  1334 |   737 |  1564 |  1426 ||  6910
  Block: Other             |       |     3 |    94 |    89 |       |       |       |       |       ||   186
         Reflection        |       |       |     8 |     2 |       |       |       |       |       ||    10
